 Dungeon Crawl Stone Soup version 0.32-a0-953-g508020473e (webtiles) character file.

Game seed: 14892757900784989966

3 Esekla the Chiller (level 1, -1/15 HPs)
             Began as a Demonspawn Wanderer on Apr 16, 2024.
             Slain by a hobgoblin (3 damage)
             ... on level 1 of the Dungeon.
             The game lasted 00:01:17 (135 turns).

Esekla the Chiller (Demonspawn Wanderer)             Turns: 135, Time: 00:01:18

Health: -1/15      AC:  2    Str: 11    XL:     1   Next: 41%
Magic:  3/3        EV: 10    Int: 15    God:
Gold:   14         SH:  0    Dex: 10    Spells: 3/4 levels left

rFire   . . .        a - +0 dagger
rCold   . . .        (no shield)
rNeg    . . .        c - +0 robe
rPois   .            (no helmet)
rElec   .            (no cloak)
rCorr   .            (no gloves)
SInv    .            (no boots)
Will    .....        (no amulet)
Stlth   +            (no ring)
HPRegen 0.22/turn    (no ring)
MPRegen 0.08/turn

%: no passive effects
@: no status effects
A: no striking features
a: no special abilities


You were on level 1 of the Dungeon.
You visited 1 branch of the dungeon, and saw 1 of its levels.

You collected 14 gold pieces.

Inventory:

Hand Weapons
 a - a +0 dagger (weapon)
Armour
 c - a +0 robe (worn)
Scrolls
 b - a scroll of silence
 e - a scroll of amnesia {unknown}
Potions
 d - a potion of lignification


   Skills:
 * Level 1.3 Fighting
 + Level 1.0 Dodging
 * Level 2.1 Spellcasting
 + Level 1.7 Translocations
 - Level 2.6 Ice Magic
 + Level 1.2 Invocations


You had 3 spell levels left.
You knew the following spells:

 Your Spells              Type           Power      Damage    Failure   Level
a - Freeze                Ice            36%        1d5       8%          1

Your spell library contained the following spells:

 Spells                   Type           Power      Damage    Failure   Level
 Blink                    Tloc           12%        N/A       16%         2
 Lesser Beckoning         Tloc           12%        N/A       16%         2
 Hailstorm                Conj/Ice       5%         3d5       36%         3
 Summon Ice Beast         Ice/Summ       5%         N/A       36%         3


Dungeon Overview and Level Annotations

Branches:
Dungeon (1/15)

Altars:


Message History

The hobgoblin shouts!
You see here 14 gold pieces.
You now have 14 gold pieces.
You hit the hobgoblin.
The hobgoblin is severely wounded.
The hobgoblin hits you.
You barely miss the hobgoblin.
The hobgoblin is severely wounded.
The hobgoblin hits you.
You closely miss the hobgoblin.
The hobgoblin is severely wounded.
The hobgoblin barely misses you.
You hit the hobgoblin.
You kill the hobgoblin!
You start resting.
An endoplasm comes into view.
You start resting.
HP restored.
Found a scroll labelled IRAHOFF VOGARAOM.
A hobgoblin comes into view.
The hobgoblin shouts!
You see here a scroll labelled IRAHOFF VOGARAOM.
e - a scroll labelled IRAHOFF VOGARAOM You closely miss the hobgoblin.
The hobgoblin hits you.
You closely miss the hobgoblin. The hobgoblin hits you.
You hit the hobgoblin but do no damage. The hobgoblin misses you.
You hit the hobgoblin but do no damage. The hobgoblin barely misses you.
You hit the hobgoblin but do no damage. The hobgoblin barely misses you.
You closely miss the hobgoblin. The hobgoblin hits you.
You hit the hobgoblin.
The hobgoblin is moderately wounded.
The hobgoblin hits you.
* * * LOW HITPOINT WARNING * * *
You hit the hobgoblin.
The hobgoblin is heavily wounded.
The hobgoblin hits you.
* * * LOW HITPOINT WARNING * * *
You closely miss the hobgoblin.
The hobgoblin is heavily wounded.
The hobgoblin hits you.
You die...

#.#####.####.####.#.##.#
#.# #......#.#..# #.#
######.#.#.## #.#
#.....#....## #.#
#.##......... #.#
#..#....## ##.####.#
##.##[........
........##..........#.###
##.....g@..# .###J..#.#
....#####..## #...#.# ##.
..# ..#.#.# .. ....
#.###. # ..##. ... ..
.... # ....


You could see a hobgoblin.

Vanquished Creatures
  A ball python (D:1)
  A hobgoblin (D:1)
  A frilled lizard (D:1)
3 creatures vanquished.

Notes
Turn   | Place    | Note
-------+----------+-------------------------------------------
     0 | D:1      | Esekla the Demonspawn Wanderer began the quest for the Orb.
     0 | D:1      | Esekla set off with the following items: a +0 club, a
                  | scroll of silence, a +0 robe, a potion of lignification;
                  | and the following spell memorised: Freeze; and the
                  | following spells available to memorise: Blink, Lesser
                  | Beckoning, Hailstorm, Summon Ice Beast.
     0 | D:1      | Reached XP level 1. HP: 15/15 MP: 3/3
   135 | D:1      | Slain by a hobgoblin

Illustrated notes

Levels and vault maps discovered:
D:1:      amcnicky_arrival_gap_in_the_tavern_cellar, layout_loops_ring

Action                     || total
---------------------------++-------
  Melee: Dagger            ||    18
         Club              ||     1
 Armour: Robe              ||    10
  Dodge: Dodged            ||     6

Table legend: (Time is in decaauts)
 A = Elapsed time spent in this place.
 B = Non-inter-level travel time spent in this place.
 C = Inter-level travel time spent in this place.
 D = Time resting spent in this place.
 E = Time spent auto-exploring this place.
 F = Levels seen in this place.
 G = Mean time per level.
                   A        B        C        D        E       F      G
               +--------+--------+--------+--------+--------+-----+--------+
         Total |    134 |    134 |      0 |     14 |      0 |   1 |  134.0 |
       Dungeon |    134 |    134 |      0 |     14 |      0 |   1 |  134.0 |
               +--------+--------+--------+--------+--------+-----+--------+

Top non-repeatable levels by time:
     D:1: 134 daAuts
